EVO
UNIVERSITY OF ILLINOIS FIGHTING ILLINI @ WICHITA STATE UNIVERSITY SHOCKERS
07/09/2048
 
TOP OF THE 1ST
University of Illinois Fighting Illini batting - Pitching for Wichita State University Shockers : RHP Tatsuaki Sugimoto
Pitching: RHP Tatsuaki Sugimoto
Batting: SHB Dan Strickland 0-0: Ball
1-0: Ball
2-0: Ball
3-0: Called Strike
3-1: Foul Ball, location: 2F
3-2: Base on Balls
Batting: RHB Lance Borgen 0-0: Called Strike
0-1: Fly out, F8 (Flyball, 89S, EV 90.6 MPH)
Batting: RHB Caleb Dean 0-0: Ball
1-0: Fly out, F8 (Line Drive, 8LM, EV 95.0 MPH)
Batting: LHB Victor Altagracia 0-0: Ball
1-0: Fly out, F8 (Flyball, 8LD, EV 93.8 MPH)
Top of the 1st over - 0 runs, 0 hits, 0 errors, 1 left on base; University of Illinois 0 - Wichita State University 0
BOTTOM OF THE 1ST
Wichita State University Shockers batting - Pitching for University of Illinois Fighting Illini : RHP Roger Whitaker
Pitching: RHP Roger Whitaker
Batting: RHB Alex Zeledon 0-0: Foul Ball, location: 2F
0-1: Ball
1-1: Foul Ball, location: 2F
1-2: Strikes out swinging
Batting: SHB Peter Faggard 0-0: Called Strike
0-1: Swinging Strike
0-2: Strikes out swinging
Batting: LHB Carlos Flores 0-0: Ball
1-0: Ball
2-0: Ball
3-0: Called Strike
3-1: Called Strike
3-2: Foul Ball, location: 2F
3-2: SOLO HOME RUN (Line Drive, 9D, EV 99.4 MPH), Distance : 391 ft
Batting: RHB Jason Adelstein 0-0: Called Strike
0-1: Fly out, F8 (Flyball, 8RD, EV 104.4 MPH)
Bottom of the 1st over - 1 run, 1 hit, 0 errors, 0 left on base; University of Illinois 0 - Wichita State University 1
TOP OF THE 2ND
University of Illinois Fighting Illini batting - Pitching for Wichita State University Shockers : RHP Tatsuaki Sugimoto
Batting: SHB Bernie Gallegos 0-0: Called Strike
0-1: Foul Ball, location: 2F
0-2: Strikes out looking
Batting: RHB Bryan Schauman 0-0: Foul Ball, location: 2F
0-1: Ball
1-1: Foul Ball, location: 2F
1-2: Strikes out swinging
Batting: LHB Matt Highfill 0-0: SINGLE (Line Drive, 56D, EV 98.1 MPH)
Batting: LHB Mike Murphy 0-0: Ball
1-0: Ball
2-0: Ball
3-0: Called Strike
3-1: Foul Ball, location: 2F
3-2: Base on Balls
Matt Highfill to second
Batting: RHB Hector Flores 0-0: Foul Ball, location: 2F
0-1: Ball
1-1: Swinging Strike
1-2: Strikes out swinging
Top of the 2nd over - 0 runs, 1 hit, 0 errors, 2 left on base; University of Illinois 0 - Wichita State University 1
BOTTOM OF THE 2ND
Wichita State University Shockers batting - Pitching for University of Illinois Fighting Illini : RHP Roger Whitaker
Batting: RHB Marvin Coffey 0-0: Ball
1-0: Called Strike
1-1: Called Strike
1-2: Foul Ball, location: 2F
1-2: Foul Ball, location: 2F
1-2: Reached on error, E6 (Groundball, 6M, EV 85.6 MPH)
Batting: LHB Troy Davies 0-0: Ball
1-0: Ball
2-0: Called Strike
2-1: Ball
3-1: Fly out, F7 (Flyball, 78M, EV 97.5 MPH)
Batting: LHB Kyle Lee 0-0: Ground out 4-3 (Groundball, 4S, EV 88.8 MPH)
Marvin Coffey to third
Batting: RHB Jordan Carr 0-0: Called Strike
0-1: Ball
1-1: Foul Ball, location: 2F
1-2: Foul Ball, location: 2F
1-2: Ball
2-2: Ball
3-2: Foul Ball, location: 2F
3-2: Strikes out swinging
Bottom of the 2nd over - 0 runs, 0 hits, 1 error, 1 left on base; University of Illinois 0 - Wichita State University 1
TOP OF THE 3RD
University of Illinois Fighting Illini batting - Pitching for Wichita State University Shockers : RHP Tatsuaki Sugimoto
Batting: SHB Dan Strickland 0-0: Ball
1-0: Swinging Strike
1-1: Ball
2-1: Swinging Strike
2-2: Foul Ball, location: 2F
2-2: Foul Ball, location: 2F
2-2: Ball
3-2: Strikes out swinging passed ball, reaches first!
Batting: RHB Lance Borgen 0-0: Fly out, F6 (Line Drive, 6, EV 75.0 MPH)
Batting: RHB Caleb Dean 0-0: SINGLE (Groundball, 6, EV 103.8 MPH)
Dan Strickland to second
Batting: LHB Victor Altagracia 0-0: Ball
1-0: Called Strike
1-1: Ball
2-1: Swinging Strike
2-2: Strikes out swinging
Batting: SHB Bernie Gallegos 0-0: Called Strike
0-1: Ball
1-1: Called Strike
1-2: Strikes out swinging
Top of the 3rd over - 0 runs, 1 hit, 0 errors, 2 left on base; University of Illinois 0 - Wichita State University 1
BOTTOM OF THE 3RD
Wichita State University Shockers batting - Pitching for University of Illinois Fighting Illini : RHP Roger Whitaker
Batting: RHB Bryan Palmer 0-0: Ball
1-0: Called Strike
1-1: Foul Ball, location: 2F
1-2: Ball
2-2: SINGLE (Groundball, 4S, EV 68.8 MPH) (infield hit)
Batting: RHB Alex Zeledon 0-0: Foul Ball, location: 2F
0-1: Ball
1-1: Ball
2-1: Swinging Strike
2-2: Foul Ball, location: 2F
2-2: Foul Ball, location: 2F
2-2: Foul Ball, location: 2F
2-2: Ball
3-2: Foul Ball, location: 2F
3-2: Base on Balls
Bryan Palmer to second
Batting: SHB Peter Faggard 0-0: Foul Ball, location: 2F
0-1: Ball
1-1: Swinging Strike
1-2: Strikes out swinging
Batting: LHB Carlos Flores 0-0: Ball
1-0: Ball
2-0: Ball
3-0: Called Strike
3-1: Foul Ball, location: 2F
3-2: Foul Ball, location: 2F
3-2: Fly out, F7 (Flyball, 7S, EV 84.4 MPH)
Batting: RHB Jason Adelstein 0-0: Fly out, F9 (Flyball, 9, EV 98.1 MPH)
Bottom of the 3rd over - 0 runs, 1 hit, 0 errors, 2 left on base; University of Illinois 0 - Wichita State University 1
TOP OF THE 4TH
University of Illinois Fighting Illini batting - Pitching for Wichita State University Shockers : RHP Tatsuaki Sugimoto
Pitching: LHP Rusty Estes
Batting: RHB Bryan Schauman 0-0: Fly out, F6 (Line Drive, 6M, EV 68.8 MPH)
Batting: LHB Matt Highfill 0-0: Swinging Strike
0-1: Ball
1-1: Fly out, F7 (Flyball, 7S, EV 87.5 MPH)
Batting: LHB Mike Murphy 0-0: SINGLE (Groundball, 56D, EV 103.8 MPH)
Batting: RHB Hector Flores 0-0: Called Strike
0-1: Ball
1-1: Ball
2-1: Swinging Strike
2-2: Strikes out looking
Top of the 4th over - 0 runs, 1 hit, 0 errors, 1 left on base; University of Illinois 0 - Wichita State University 1
BOTTOM OF THE 4TH
Wichita State University Shockers batting - Pitching for University of Illinois Fighting Illini : RHP Roger Whitaker
Batting: RHB Marvin Coffey 0-0: Ground out 5-3 (Groundball, 5D, EV 88.8 MPH)
Batting: LHB Troy Davies 0-0: Foul Ball, location: 2F
0-1: Ball
1-1: Swinging Strike
1-2: Strikes out looking
Batting: LHB Kyle Lee 0-0: Called Strike
0-1: Called Strike
0-2: Ball
1-2: Ball
2-2: Ball
3-2: Foul Ball, location: 2F
3-2: Strikes out swinging
Bottom of the 4th over - 0 runs, 0 hits, 0 errors, 0 left on base; University of Illinois 0 - Wichita State University 1
TOP OF THE 5TH
University of Illinois Fighting Illini batting - Pitching for Wichita State University Shockers : LHP Rusty Estes
Now at C: Larry Hogue
Now at 3B: Jeff Grant
Batting: SHB Dan Strickland 0-0: Called Strike
0-1: Ball
1-1: Foul Ball, location: 2F
1-2: Ground out 5-3 (Groundball, 56S, EV 89.4 MPH)
Batting: RHB Lance Borgen 0-0: Called Strike
0-1: Called Strike
0-2: Strikes out looking
Batting: RHB Caleb Dean 0-0: Called Strike
0-1: Ball
1-1: Ball
2-1: Swinging Strike
2-2: Fly out, F9 (Flyball, 9S, EV 95.0 MPH)
Top of the 5th over - 0 runs, 0 hits, 0 errors, 0 left on base; University of Illinois 0 - Wichita State University 1
BOTTOM OF THE 5TH
Wichita State University Shockers batting - Pitching for University of Illinois Fighting Illini : RHP Roger Whitaker
Batting: RHB Jordan Carr 0-0: Ball
1-0: Ball
2-0: Foul Ball, location: 2F
2-1: Foul Ball, location: 2F
2-2: Foul Ball, location: 2F
2-2: SINGLE (Flyball, 9LS, EV 90.0 MPH)
Batting: RHB Bryan Palmer 0-0: Sac Bunt to 5S - play at first, batter OUT! 5-3
Jordan Carr to second
Batting: RHB Lucio Baratta 0-0: Ball
1-0: Ball
2-0: Ball
3-0: Base on Balls
Batting: SHB Peter Faggard 0-0: DOUBLE (Line Drive, 9LS, EV 108.1 MPH)
Jordan Carr scores
Lucio Baratta to third
Pinch Hitting: RHB Byron Whitehead 0-0: Called Strike
0-1: Ball
1-1: Called Strike
1-2: Foul Ball, location: 2F
1-2: Ball
2-2: Foul Ball, location: 2F
2-2: Ball
3-2: Ground out 5-3 (Groundball, 56, EV 93.8 MPH)
Lucio Baratta scores
Pinch Hitting: RHB Kyle Gill 0-0: Ball
1-0: Called Strike
1-1: Swinging Strike
1-2: Strikes out swinging
Bottom of the 5th over - 2 runs, 2 hits, 0 errors, 1 left on base; University of Illinois 0 - Wichita State University 3
TOP OF THE 6TH
University of Illinois Fighting Illini batting - Pitching for Wichita State University Shockers : LHP Rusty Estes
Pitching: LHP Greg Burton
Now in LF: Rick McGrath
Now in CF: Byron Whitehead
Now in RF: Bryan Palmer
Batting: LHB Victor Altagracia 0-0: Ball
1-0: Called Strike
1-1: Foul Ball, location: 2F
1-2: Foul Ball, location: 2F
1-2: Foul Ball, location: 2F
1-2: Ball
2-2: Strikes out swinging
Batting: SHB Bernie Gallegos 0-0: SOLO HOME RUN (Flyball, 9LD, EV 95.6 MPH), Distance : 349 ft
Batting: RHB Bryan Schauman 0-0: Ball
1-0: Called Strike
1-1: Swinging Strike
1-2: Ball
2-2: Foul Ball, location: 2F
2-2: Ball
3-2: Strikes out swinging
Batting: LHB Matt Highfill 0-0: Ball
1-0: Called Strike
1-1: Ball
2-1: Foul Ball, location: 2F
2-2: Ball
3-2: Base on Balls
Pitching: LHP Éric Duval
Batting: LHB Mike Murphy 0-0: Swinging Strike
0-1: Ball
Passed Ball!
Matt Highfill to second
1-1: SINGLE (Line Drive, 8RS, EV 100.0 MPH)
Matt Highfill to third
Batting: RHB Hector Flores 0-0: SINGLE (Line Drive, 78S, EV 108.1 MPH)
Matt Highfill scores
Mike Murphy to second
Batting: SHB Dan Strickland 0-0: Ball
1-0: Foul Ball, location: 2F
1-1: Ball
2-1: Foul Ball, location: 2F
2-2: Ground out 3-1 (Groundball, 34, EV 85.6 MPH)
Top of the 6th over - 2 runs, 3 hits, 0 errors, 2 left on base; University of Illinois 2 - Wichita State University 3
BOTTOM OF THE 6TH
Wichita State University Shockers batting - Pitching for University of Illinois Fighting Illini : RHP Roger Whitaker
Pitching: RHP Damien Blot
Batting: RHB Jeff Grant 0-0: Ball
1-0: Ball
2-0: Called Strike
2-1: Foul Ball, location: 2F
2-2: Ball
3-2: Base on Balls
Batting: RHB Larry Hogue 0-0: Ball
1-0: Reached on error, E6 (Groundball, 6, EV 96.9 MPH)
Jeff Grant to second
Batting: LHB Kyle Lee 0-0: Ball
1-0: Ball
2-0: Ball
3-0: Base on Balls
Jeff Grant to third
Larry Hogue to second
Pinch Hitting: SHB Mike Chafe 0-0: Foul Ball, location: 2F
0-1: Ball
1-1: SINGLE (Line Drive, 7S, EV 104.4 MPH)
Jeff Grant scores
Larry Hogue to third
Kyle Lee to second
Batting: RHB Bryan Palmer 0-0: SINGLE (Line Drive, 8RS, EV 88.8 MPH)
Larry Hogue scores
Kyle Lee to third
Mike Chafe to second
Batting: RHB Lucio Baratta 0-0: Foul Ball, location: 2F
0-1: Ball
1-1: Ball
2-1: Foul Ball, location: 2F
2-2: Ball
3-2: Fly out, F8 (Flyball, 8RS, EV 89.4 MPH)
Pitching: RHP Ross Ledford
Batting: SHB Peter Faggard 0-0: Foul Ball, location: 2F
0-1: Foul Ball, location: 2F
0-2: Grounds into fielders choice 5-2 (Groundball, 5, EV 103.1 MPH)
Mike Chafe to third
Bryan Palmer to second
Batting: RHB Byron Whitehead 0-0: Swinging Strike
0-1: Foul Ball, location: 2F
0-2: Ball
1-2: Ground out 4-3 (Groundball, 4, EV 102.5 MPH)
Bottom of the 6th over - 2 runs, 2 hits, 1 error, 3 left on base; University of Illinois 2 - Wichita State University 5
TOP OF THE 7TH
University of Illinois Fighting Illini batting - Pitching for Wichita State University Shockers : LHP Éric Duval
Pitching: RHP Jose del Castillo
Now at 1B: Chad Starnes
Batting: RHB Lance Borgen 0-0: Called Strike
0-1: Called Strike
0-2: Ball
1-2: Strikes out looking
Batting: RHB Caleb Dean 0-0: Called Strike
0-1: Ball
1-1: Ball
2-1: Foul Ball, location: 2F
2-2: Ground out 6-3 (Groundball, 56, EV 99.4 MPH)
Batting: LHB Victor Altagracia 0-0: Called Strike
0-1: Ball
1-1: Ball
2-1: Called Strike
2-2: Ball
3-2: Foul Ball, location: 2F
3-2: Strikes out swinging
Top of the 7th over - 0 runs, 0 hits, 0 errors, 0 left on base; University of Illinois 2 - Wichita State University 5
BOTTOM OF THE 7TH
Wichita State University Shockers batting - Pitching for University of Illinois Fighting Illini : RHP Ross Ledford
Batting: RHB Rick McGrath 0-0: Ball
1-0: Foul Ball, location: 2F
1-1: Foul Ball, location: 2F
1-2: Ball
2-2: Strikes out swinging
Batting: RHB Jeff Grant 0-0: Ground out 5-3 (Groundball, 6S, EV 85.6 MPH)
Batting: RHB Larry Hogue 0-0: Called Strike
0-1: Foul Ball, location: 2F
0-2: Foul Ball, location: 2F
0-2: DOUBLE (Line Drive, 78D, EV 91.2 MPH)
Batting: LHB Kyle Lee 0-0: Ball
1-0: Ball
2-0: Ball
3-0: Called Strike
3-1: SINGLE (Groundball, 4S, EV 75.0 MPH) (infield hit)
Larry Hogue to third
Batting: RHB Chad Starnes 0-0: SINGLE (Flyball, 56D, EV 93.1 MPH)
Larry Hogue scores
Kyle Lee to second
Batting: RHB Bryan Palmer 0-0: Called Strike
0-1: Ball
1-1: SINGLE (Groundball, 6MD, EV 105.0 MPH)
Kyle Lee to third
Chad Starnes to second
Batting: RHB Lucio Baratta 0-0: Ball
1-0: Called Strike
1-1: Ball
2-1: Fly out, F9 (Flyball, 9LD, EV 98.8 MPH)
Bottom of the 7th over - 1 run, 4 hits, 0 errors, 3 left on base; University of Illinois 2 - Wichita State University 6
TOP OF THE 8TH
University of Illinois Fighting Illini batting - Pitching for Wichita State University Shockers : RHP Jose del Castillo
Pitching: RHP Ryan Chase
Batting: SHB Bernie Gallegos 0-0: Called Strike
0-1: Ball
1-1: Swinging Strike
1-2: Strikes out looking
Batting: RHB Bryan Schauman 0-0: Ball
1-0: Ball
2-0: Called Strike
2-1: Called Strike
2-2: Foul Ball, location: 2F
2-2: Ball
3-2: Strikes out swinging
Batting: LHB Matt Highfill 0-0: Swinging Strike
0-1: Called Strike
0-2: Ball
1-2: Strikes out looking
Top of the 8th over - 0 runs, 0 hits, 0 errors, 0 left on base; University of Illinois 2 - Wichita State University 6
BOTTOM OF THE 8TH
Wichita State University Shockers batting - Pitching for University of Illinois Fighting Illini : RHP Ross Ledford
Batting: SHB Peter Faggard 0-0: Ball
1-0: Called Strike
1-1: Called Strike
1-2: Strikes out swinging
Batting: RHB Byron Whitehead 0-0: SINGLE (Line Drive, 89M, EV 103.1 MPH)
Batting: RHB Rick McGrath 0-0: Foul Ball, location: 2F
0-1: Swinging Strike
0-2: Strikes out swinging
Batting: RHB Jeff Grant 0-0: Called Strike
0-1: Ball
Byron Whitehead steals 2nd base
1-1: SINGLE (Line Drive, 9S, EV 90.0 MPH)
Byron Whitehead to third
Runner from 3rd tries for Home, SAFE, throw by RF to home
Batting: RHB Larry Hogue 0-0: Called Strike
0-1: Foul Ball, location: 2F
0-2: Ball
1-2: Strikes out swinging
Bottom of the 8th over - 1 run, 2 hits, 0 errors, 1 left on base; University of Illinois 2 - Wichita State University 7
TOP OF THE 9TH
University of Illinois Fighting Illini batting - Pitching for Wichita State University Shockers : RHP Ryan Chase
Pitching: RHP Steve Mattes
Batting: LHB Mike Murphy 0-0: DOUBLE (Groundball, 5L, EV 98.8 MPH)
Batting: RHB Hector Flores 0-0: Called Strike
0-1: Ball
1-1: Ball
2-1: Swinging Strike
2-2: Strikes out swinging
Batting: SHB Dan Strickland 0-0: Swinging Strike
0-1: Swinging Strike
0-2: Ball
1-2: SINGLE (Groundball, 4MD, EV 96.9 MPH)
Mike Murphy to third
Batting: RHB Lance Borgen 0-0: Foul Ball, location: 2F
0-1: 3-RUN HOME RUN (Flyball, 7D, EV 100.0 MPH), Distance : 405 ft
Pitching: LHP John Schroeder
Batting: RHB Caleb Dean 0-0: DOUBLE (Line Drive, 78XD, EV 109.4 MPH)
Batting: LHB Victor Altagracia 0-0: Called Strike
0-1: Ball
1-1: Foul Ball, location: 2F
1-2: Strikes out swinging
Batting: SHB Bernie Gallegos 0-0: Foul Ball, location: 2F
0-1: Foul Ball, location: 2F
0-2: Strikes out looking
Top of the 9th over - 3 runs, 4 hits, 0 errors, 1 left on base; University of Illinois 5 - Wichita State University 7
Tuesday, March 28th , 2023 - OOTP Baseball 23.10 Build 110